 Dungeon Crawl Stone Soup version 0.26.1-11-gd32895ea62 (webtiles) character file.

Game seed: 16604532918666562347

4407 seveneves the Cleaver (level 10, -3/91 HPs)
             Began as a Hill Orc Berserker on July 17, 2021.
             Was a Priest of Trog.
             Slain by a blink frog (11 damage)
             ... on level 1 of the Lair of Beasts.
             The game lasted 01:09:09 (7173 turns).

seveneves the Cleaver (Hill Orc Berserker)          Turns: 7173, Time: 01:09:10

Health: -3/91      AC: 18    Str: 29    XL:     10   Next: 36%
Magic:  10/10      EV:  8    Int:  7    God:    Trog [***...]
Gold:   375        SH:  7    Dex: 11    Spells: 9/9 levels left

rFire    . . .     SeeInvis .   m - +1 hand axe
rCold    . . .     Faith    +   p - +2 buckler
rNeg     . . .     Spirit   .   t - +1 plate armour
rPois    .         Reflect  .   x - +2 helmet
rElec    .         Harm     .   (no cloak)
rCorr    .         Rampage  .   u - +0 pair of gloves
Will     .....                  (no boots)
Stlth    ..........             w - amulet of faith
HPRegen  0.25/turn              b - +6 ring of strength
MPRegen  0.12/turn              v - ring of stealth

@: berserk cooldown, slowed, very slow
A: no striking features
a: Renounce Religion, Berserk, Trog's Hand


You were on level 1 of the Lair of Beasts.
You worshipped Trog.
Trog was most pleased with you.
You visited 2 branches of the dungeon, and saw 9 of its levels.

You collected 375 gold pieces.

Inventory:

Hand Weapons
 m - a +1 hand axe (weapon)
 r - a +1 vampiric spear
 s - a +0 war axe
Armour
 g - a +2 leather armour of cold resistance
 p - a +2 buckler (worn)
 t - a +1 plate armour (worn)
 u - a +0 pair of gloves (worn)
 x - a +2 helmet (worn)
Jewellery
 b - a +6 ring of strength (left hand)
 v - a ring of stealth (right hand)
 w - an amulet of faith (around neck)
 y - an uncursed ring of see invisible
Wands
 B - a wand of disintegration (16)
Scrolls
 a - 2 scrolls of fear
 c - 4 scrolls of identify
 f - 3 scrolls of remove curse
 h - a scroll of teleportation
 k - 4 scrolls of amnesia
 n - 3 scrolls of blinking
 o - 2 scrolls of fog
 q - a scroll of random uselessness {unknown}
 z - 2 scrolls of magic mapping {unknown}
Potions
 d - a potion of flight
 e - a potion of magic {unknown}
 i - a potion of mutation {unknown}
 l - 3 potions of berserk rage
 A - a potion of invisibility


   Skills:
 + Level 9.3 Fighting
 + Level 12.7 Axes
 + Level 7.2 Armour
 + Level 2.2 Dodging
 + Level 1.4 Stealth
 + Level 5.5 Shields


You had 9 spell levels left.
You didn't know any spells.
Your spell library contained the following spells:

 Spells                   Type           Power        Failure   Level
 Animate Skeleton         Necr           0%           99%         1
 Apportation              Tloc           0%           99%         1
 Corona                   Hex            0%           99%         1
 Summon Small Mammal      Summ           0%           99%         1


Dungeon Overview and Level Annotations

Branches:
Dungeon (8/15)             Temple (0/1) D:6            Lair (1/6) D:8

Altars:
Dithmenos
Elyvilon
Fedhas
Hepliaklqana
Kikubaaqudgha
Ru
Uskayaw
Xom
Zin
The Shining One


Message History

As you read the scroll of blinking, it crumbles to dust.
The blink frog hits you.
* * * LOW HITPOINT WARNING * * *
The blink frog blinks!
The blink frog blinks! x2
The blink frog blinks!
The blink frog blinks!
You miss the blink frog.
The blink frog is heavily wounded.
The blink frog blinks!
You block the blink frog's attack.
You closely miss the blink frog.
The blink frog is heavily wounded.
The blink frog hits you but does no damage.
The blink frog hits you!
* * * LOW HITPOINT WARNING * * *
The blink frog blinks!
You barely miss the blink frog.
The blink frog is heavily wounded.
The blink frog hits you!
You die...

##.........
#...........#.#
##F####........
#.# #........
##.# #........
#.<# .........
#..####........
#..ยง##.F.......
##.....@.F....^
##.###########
###


You could see 2 blink frogs.

Vanquished Creatures
  Joseph (D:7)
  Grinder (D:3)
  2 blink frogs (Lair:1)
  A spriggan (D:7)
  Menkaure (D:6)
  An orc warrior (D:6)
  2 sky beasts (D:5)
  A necrophage (D:8)
  3 ice beasts
  2 black bears
  2 ogres
  6 centaurs
  A big kobold (D:6)
  5 bullfrogs
  A water moccasin skeleton (D:8)
  4 scorpions
  4 killer bees (D:8)
  A centaur zombie (D:8)
  4 hounds
  A quasit (D:8)
  Crazy Yiuf (D:3)
  An orc priest (D:6)
  A bullfrog skeleton (D:7)
  A gnoll shaman (D:4)
  2 iguanas
  6 orc wizards
  7 worker ants
  A hound zombie (D:6)
  2 hound skeletons
  Robin (D:2)
  8 gnolls (D:4)
  9 adders
  A shadow imp (D:6)
  2 white imps (D:6)
  2 oozes (D:4)
  An adder zombie (D:8)
  An adder skeleton (D:4)
  2 dart slugs
  2 leopard geckos
  22 orcs
  A bat zombie (D:7)
  5 giant cockroaches
  10 goblins (D:2)
  8 hobgoblins
  3 jackals (D:8)
  A quokka (D:2)
  4 bats
  3 frilled lizards
  16 kobolds
  A leopard gecko skeleton (D:3)
  4 rats (D:2)
  A rat zombie (D:7)
174 creatures vanquished.

Vanquished Creatures (others)
  A plant (D:4)
1 creature vanquished.

Grand Total: 175 creatures vanquished

Notes
Turn   | Place    | Note
-------+----------+-------------------------------------------
     0 | D:1      | seveneves the Hill Orc Berserker began the quest for the
                  | Orb.
     0 | D:1      | Reached XP level 1. HP: 19/19 MP: 1/1
   801 | D:1      | Reached XP level 2. HP: 27/27 MP: 2/2
  1025 | D:2      | Found a hide-covered altar of Uskayaw.
  1034 | D:2      | Reached XP level 3. HP: 28/33 MP: 3/3
  1323 | D:2      | Reached skill level 5 in Axes
  1325 | D:2      | Noticed an ice beast
  1342 | D:2      | Killed an ice beast
  1343 | D:2      | Reached XP level 4. HP: 41/41 MP: 4/4
  1343 | D:2      | Reached XP level 5. HP: 47/47 MP: 5/5
  1349 | D:2      | Reached ** piety under Trog
  1410 | D:2      | Noticed Robin
  1431 | D:2      | Killed Robin
  1432 | D:2      | Reached skill level 6 in Axes
  1665 | D:3      | Found a white marble altar of Elyvilon.
  1815 | D:3      | Reached skill level 5 in Fighting
  1823 | D:3      | Reached skill level 1 in Shields
  1823 | D:3      | Reached XP level 6. HP: 13/56 MP: 6/6
  2174 | D:3      | Noticed Grinder
  2191 | D:3      | Killed Grinder
  2192 | D:3      | Reached skill level 7 in Axes
  2192 | D:3      | Reached XP level 7. HP: 61/61 MP: 7/7
  2341 | D:3      | Found a runed translucent door.
  2342 | D:3      | Noticed Crazy Yiuf
  2353 | D:3      | Killed Crazy Yiuf
  2644 | D:4      | Reached *** piety under Trog
  2742 | D:4      | Reached skill level 8 in Axes
  2817 | D:4      | Found a glowing silver altar of Zin.
  2817 | D:4      | Found a hazy altar of Hepliaklqana.
  3162 | D:4      | Reached XP level 8. HP: 58/71 MP: 8/8
  3200 | D:5      | Entered Level 5 of the Dungeon
  3220 | D:5      | Reached skill level 9 in Axes
  3338 | D:5      | Reached skill level 5 in Armour
  3608 | D:5      | Reached **** piety under Trog
  3735 | D:5      | Found a shimmering altar of Xom.
  3827 | D:5      | Found a shadowy altar of Dithmenos.
  3841 | D:5      | Found a glowing golden altar of the Shining One.
  4166 | D:5      | Reached skill level 10 in Axes
  4352 | D:5      | Reached XP level 9. HP: 72/80 MP: 9/9
  4536 | D:6      | Noticed Menkaure
  4982 | D:6      | Killed Menkaure
  4983 | D:6      | Reached skill level 11 in Axes
  5146 | D:6      | Found a staircase to the Ecumenical Temple.
  5712 | D:7      | Found a shadowy altar of Dithmenos.
  5954 | D:7      | Noticed Joseph
  5971 | D:7      | Killed Joseph
  5972 | D:7      | Reached skill level 12 in Axes
  5972 | D:7      | Reached XP level 10. HP: 68/91 MP: 10/10
  6184 | D:7      | Found an ancient bone altar of Kikubaaqudgha.
  6427 | D:8      | Found a staircase to the Lair.
  6545 | D:8      | Found a blossoming altar of Fedhas.
  6552 | D:8      | Reached skill level 1 in Stealth
  6553 | D:8      | Reached skill level 5 in Shields
  6805 | D:8      | Found a sacrificial altar of Ru.
  7141 | Lair:1   | Entered Level 1 of the Lair of Beasts
  7173 | Lair:1   | Slain by a blink frog

Illustrated notes

Levels and vault maps discovered:
D:1:      elethiomel_arrival_infinity_welcomes_careful_drivers,
          layout_loops_ring
D:2:      layout_rooms, eat_drink_and_be_merry_uskayaw, uniq_robin
D:3:      layout_loops_cross, general_overflow_altar, elyvilon_altar_5,
          uniq_crazy_yiuf_cottage, uniq_grinder
D:4:      layout_basic, gammafunk_temple_overflow_wave
D:5:      layout_basic, nicolae_overflow_hidden_temple,
          amethyst_overflow_temple_binary
D:6:      layout_basic, minmay_temple_entry_wispy, uniq_menkaure
D:7:      lemuel_ice_spiral_2, layout_basic, lemuel_zombie_altar_kikubaaqudgha,
          basic_altar, the_bakery, uniq_joseph
D:8:      layout_gridville, nicolae_overflow_crystal_walls, lemuel_doored_altar,
          fedhas_altar_fruit_tree, lair_entry_dummy
Lair:1:   layout_chaotic_city, portal_ice_cave_entry_pillars_2, st_stairs_12,
          lemuel_fruit_fields, grunt_megastairs_1, uniq_maggie

Skill      XL: |  1  2  3  4  5  6  7  8  9 10 |
---------------+-------------------------------+-----
Fighting       | 4 5 6 7 9 |  9.3
Axes           | 5 6 7 8 10 12 | 12.7
Armour         | 3 4 6 7 |  7.2
Dodging        | 2 |  2.2
Shields        | 1 2 3 4 5 |  5.5
Stealth        | 1 |  1.4

Action                   |  1- 3 |  4- 6 |  7- 9 | 10-12 || total
-------------------------+-------+-------+-------+-------++-------
Melee: Hand axe          |    91 |   121 |   377 |   151 ||   740
Invok: Berserk           |       |     3 |     6 |     1 ||    10
  Use: Scroll            |     4 |     8 |     5 |     2 ||    19
       Potion            |     1 |     5 |     7 |     1 ||    14
Armor: Plate armour      |    54 |    58 |   188 |    82 ||   382
Dodge: Dodged            |    23 |    27 |    91 |    51 ||   192
Block: Buckler           |    10 |    28 |    96 |    58 ||   192
